3L
THUNDER BAY NORTHERN LIONS BC @ HARTFORD WHALERS
07/25/2021
 
TOP OF THE 1ST
Thunder Bay Northern Lions BC batting - Pitching for Hartford Whalers : LHP Lorenzo Sánchez
Pitching: LHP Lorenzo Sánchez
Batting: SHB Arnold Griffith 0-0: Ball
1-0: Fly out, F7 (Line Drive, 78D)
Batting: LHB John Brewer 0-0: Fly out, F9 (Line Drive, 9D)
Batting: LHB Tim Hill 0-0: Called Strike
0-1: Ground out U3 (Groundball, 3L)
Top of the 1st over - 0 run(s), 0 hit(s), 0 error(s), 0 left on base; Thunder Bay 0 - Hartford 0
BOTTOM OF THE 1ST
Hartford Whalers batting - Pitching for Thunder Bay Northern Lions BC : RHP Júlio Palma
Pitching: RHP Júlio Palma
Batting: RHB Javier Díaz 0-0: Called Strike
0-1: Foul Ball, location: 2F
0-2: Strikes out swinging
Batting: RHB Román Centena 0-0: Fly out, F8 (Flyball, 8LXD)
Batting: LHB César Durán 0-0: Ball
1-0: Ball
2-0: Ball
3-0: Base on Balls
Batting: RHB Akahele Kimokeo 0-0: Ball
1-0: SINGLE (Line Drive, 9S)
César Durán to second
Runner from 2nd tries for 3rd, SAFE, no throw or cutoff
Batting: LHB Gerald Holloway 0-0: Ball
1-0: Ball
2-0: Called Strike
2-1: Ball
3-1: Swinging Strike
3-2: Ground out 1-3 (Groundball, 15)
Bottom of the 1st over - 0 run(s), 1 hit(s), 0 error(s), 2 left on base; Thunder Bay 0 - Hartford 0
TOP OF THE 2ND
Thunder Bay Northern Lions BC batting - Pitching for Hartford Whalers : LHP Lorenzo Sánchez
Batting: RHB Jonathan Cook 0-0: Foul Ball, location: 2F
0-1: Ball
1-1: Ball
2-1: Ground out 6-3 (Groundball, 6)
Batting: RHB Robert O'Connor 0-0: Called Strike
0-1: Ball
1-1: Called Strike
1-2: Foul Ball, location: 2F
1-2: Ball
2-2: Foul Ball, location: 2F
2-2: Ball
3-2: Base on Balls
Batting: LHB Juan Durán 0-0: Ball
1-0: Grounds into double play, 4-6-3 (Groundball, 4)
Top of the 2nd over - 0 run(s), 0 hit(s), 0 error(s), 0 left on base; Thunder Bay 0 - Hartford 0
BOTTOM OF THE 2ND
Hartford Whalers batting - Pitching for Thunder Bay Northern Lions BC : RHP Júlio Palma
Batting: RHB Brent Burgess 0-0: Ground out 5-3 (Groundball, 56)
Batting: SHB Julian Anthony 0-0: Ball
1-0: Swinging Strike
1-1: Ball
2-1: Ball
3-1: Base on Balls
Batting: RHB Mal Green 0-0: Foul Ball, location: 2F
0-1: Ball
1-1: Ball
2-1: Ball
3-1: Foul Ball, location: 2F
3-2: Strikes out swinging
Batting: RHB Dave O'Day 0-0: Ball
1-0: Swinging Strike
1-1: Ball
2-1: Ball
3-1: Foul Ball, location: 2F
3-2: Foul Ball, location: 2F
3-2: Base on Balls
Julian Anthony to second
Batting: RHB Javier Díaz 0-0: Ball
1-0: Ground out 6-3 (Groundball, 6)
Bottom of the 2nd over - 0 run(s), 0 hit(s), 0 error(s), 2 left on base; Thunder Bay 0 - Hartford 0
TOP OF THE 3RD
Thunder Bay Northern Lions BC batting - Pitching for Hartford Whalers : LHP Lorenzo Sánchez
Batting: LHB Curtis Peters 0-0: Ball
1-0: Called Strike
1-1: Foul Ball, location: 2F
1-2: Ball
2-2: Foul Ball, location: 2F
2-2: Ball
3-2: Foul Ball, location: 2F
3-2: Strikes out looking
Batting: RHB Brent Barlow 0-0: Ball
1-0: Called Strike
1-1: Ball
2-1: Ball
3-1: Swinging Strike
3-2: SINGLE (Line Drive, 6MD)
Batting: RHB Iván Vargas 0-0: Ball
1-0: Ball
2-0: Called Strike
2-1: Swinging Strike
2-2: Ball
3-2: Reached on error, E5 (Groundball, 5S)
Brent Barlow to second
Batting: SHB Arnold Griffith 0-0: Ball
1-0: Called Strike
1-1: Ball
2-1: SINGLE (Line Drive, 7S)
Brent Barlow to third
Iván Vargas to second
Runner from 3rd tries for Home, SAFE, no throw or cutoff
Batting: LHB John Brewer 0-0: Called Strike
0-1: Foul Ball, location: 2F
0-2: Ball
1-2: Foul Ball, location: 2F
1-2: Ball
2-2: Ball
3-2: Fly out, F8 (Flyball, 8LD)
Runner from 2nd tags up, SAFE at 3rd, no throw
Batting: LHB Tim Hill 0-0: Ball
1-0: Swinging Strike
1-1: Ball
2-1: Foul Ball, location: 2F
2-2: Strikes out looking
Top of the 3rd over - 1 run(s), 2 hit(s), 1 error(s), 2 left on base; Thunder Bay 1 - Hartford 0
BOTTOM OF THE 3RD
Hartford Whalers batting - Pitching for Thunder Bay Northern Lions BC : RHP Júlio Palma
Batting: RHB Román Centena 0-0: Ball
1-0: Called Strike
1-1: Foul Ball, location: 2F
1-2: Strikes out looking
Batting: LHB César Durán 0-0: Ball
1-0: Called Strike
1-1: Foul Ball, location: 2F
1-2: Ball
2-2: Ball
3-2: Base on Balls
Batting: RHB Akahele Kimokeo 0-0: Ball
1-0: Called Strike
1-1: Called Strike
1-2: Fly out, F9 (Flyball, 9LSF)
Batting: LHB Gerald Holloway 0-0: Called Strike
0-1: Fly out, F7 (Flyball, 7M)
Bottom of the 3rd over - 0 run(s), 0 hit(s), 0 error(s), 1 left on base; Thunder Bay 1 - Hartford 0
TOP OF THE 4TH
Thunder Bay Northern Lions BC batting - Pitching for Hartford Whalers : LHP Lorenzo Sánchez
Batting: RHB Jonathan Cook 0-0: Hit by Pitch
Batting: RHB Robert O'Connor 0-0: Ball
1-0: Called Strike
1-1: Grounds into double play, 6-4-3 (Groundball, 6)
Batting: LHB Juan Durán 0-0: Foul Ball, location: 2F
0-1: Ball
1-1: Ground out 6-3 (Groundball, 6M)
Top of the 4th over - 0 run(s), 0 hit(s), 0 error(s), 0 left on base; Thunder Bay 1 - Hartford 0
BOTTOM OF THE 4TH
Hartford Whalers batting - Pitching for Thunder Bay Northern Lions BC : RHP Júlio Palma
Batting: RHB Brent Burgess 0-0: Swinging Strike
0-1: Ball
1-1: Fly out, F9 (Flyball, 89XD)
Batting: SHB Julian Anthony 0-0: Ball
1-0: Called Strike
1-1: Foul Ball, location: 2F
1-2: Fly out, F9 (Flyball, 89XD)
Batting: RHB Mal Green 0-0: Swinging Strike
0-1: Ground out 6-3 (Groundball, 56)
Bottom of the 4th over - 0 run(s), 0 hit(s), 0 error(s), 0 left on base; Thunder Bay 1 - Hartford 0
TOP OF THE 5TH
Thunder Bay Northern Lions BC batting - Pitching for Hartford Whalers : LHP Lorenzo Sánchez
Batting: LHB Curtis Peters 0-0: Called Strike
0-1: Hit by Pitch
Batting: RHB Brent Barlow 0-0: Called Strike
Curtis Peters steals 2nd base
0-1: Sac Bunt - play at first, batter OUT! 1-4
Curtis Peters to third
Batting: RHB Iván Vargas 0-0: Ball
1-0: SINGLE (Line Drive, 78M)
Curtis Peters scores
Batting: SHB Arnold Griffith 0-0: Foul Ball, location: 2F
0-1: Ball
1-1: Ball
2-1: Called Strike
2-2: Foul Ball, location: 2F
2-2: Grounds into double play, 1-6-3 (Groundball, 15)
Top of the 5th over - 1 run(s), 1 hit(s), 0 error(s), 0 left on base; Thunder Bay 2 - Hartford 0
BOTTOM OF THE 5TH
Hartford Whalers batting - Pitching for Thunder Bay Northern Lions BC : RHP Júlio Palma
Batting: RHB Dave O'Day 0-0: Ball
1-0: Swinging Strike
1-1: Called Strike
1-2: Strikes out swinging
Batting: RHB Javier Díaz 0-0: Fly out, F8 (Flyball, 8LM)
Batting: RHB Román Centena 0-0: Called Strike
0-1: Ball
1-1: DOUBLE (Line Drive, 6D)
Batting: LHB César Durán 0-0: Called Strike
0-1: Foul Ball, location: 2F
0-2: Foul Ball, location: 2F
0-2: Ball
1-2: Ball
2-2: Ball
3-2: Base on Balls
Batting: RHB Akahele Kimokeo 0-0: Called Strike
0-1: Ball
1-1: Ball
2-1: Called Strike
2-2: Strikes out looking
Bottom of the 5th over - 0 run(s), 1 hit(s), 0 error(s), 2 left on base; Thunder Bay 2 - Hartford 0
TOP OF THE 6TH
Thunder Bay Northern Lions BC batting - Pitching for Hartford Whalers : LHP Lorenzo Sánchez
Batting: LHB John Brewer 0-0: Ball
1-0: Foul Ball, location: 2F
1-1: Swinging Strike
1-2: Ball
2-2: Ball
3-2: Base on Balls
Batting: LHB Tim Hill 0-0: Ball
1-0: Fly out, F8 (Flyball, 8LM)
Batting: RHB Jonathan Cook 0-0: Foul Ball, location: 2F
0-1: Foul Ball, location: 2F
0-2: Fly out, F3 (Popup, 3DF)
Batting: RHB Robert O'Connor 0-0: Swinging Strike
0-1: Fly out, F7 (Line Drive, 7D)
Top of the 6th over - 0 run(s), 0 hit(s), 0 error(s), 1 left on base; Thunder Bay 2 - Hartford 0
BOTTOM OF THE 6TH
Hartford Whalers batting - Pitching for Thunder Bay Northern Lions BC : RHP Júlio Palma
Batting: LHB Gerald Holloway 0-0: Called Strike
0-1: Ground out 4-3 (Groundball, 13)
Batting: RHB Brent Burgess 0-0: Ball
1-0: Fly out, F9 (Line Drive, 9M)
Batting: SHB Julian Anthony 0-0: Swinging Strike
0-1: DOUBLE (Line Drive, 3D)
Batting: RHB Mal Green 0-0: Swinging Strike
0-1: Fly out, F5 (Popup, 5SF)
Bottom of the 6th over - 0 run(s), 1 hit(s), 0 error(s), 1 left on base; Thunder Bay 2 - Hartford 0
TOP OF THE 7TH
Thunder Bay Northern Lions BC batting - Pitching for Hartford Whalers : LHP Lorenzo Sánchez
Batting: LHB Juan Durán 0-0: Called Strike
0-1: Swinging Strike
0-2: Foul Ball, location: 2F
0-2: Ball
1-2: Ball
2-2: Ball
3-2: Fly out, F2 (Popup, 2LF)
Batting: LHB Curtis Peters 0-0: Called Strike
0-1: Ball
1-1: Called Strike
1-2: Fly out, F4 (Popup, 4D)
Batting: RHB Brent Barlow 0-0: Called Strike
0-1: Ball
1-1: Foul Ball, location: 2F
1-2: Ground out 6-3 (Groundball, 6)
Top of the 7th over - 0 run(s), 0 hit(s), 0 error(s), 0 left on base; Thunder Bay 2 - Hartford 0
BOTTOM OF THE 7TH
Hartford Whalers batting - Pitching for Thunder Bay Northern Lions BC : RHP Júlio Palma
Batting: RHB Dave O'Day 0-0: Called Strike
0-1: Ball
1-1: SINGLE (Line Drive, 8LS)
Batting: RHB Javier Díaz 0-0: Ball
1-0: Grounds into double play, 5-4-3 (Groundball, 56)
Batting: RHB Román Centena 0-0: Ground out 5-3 (Groundball, 56S)
Bottom of the 7th over - 0 run(s), 1 hit(s), 0 error(s), 0 left on base; Thunder Bay 2 - Hartford 0
TOP OF THE 8TH
Thunder Bay Northern Lions BC batting - Pitching for Hartford Whalers : LHP Lorenzo Sánchez
Batting: RHB Iván Vargas 0-0: Ball
1-0: Called Strike
1-1: SINGLE (Groundball, 6MD)
Batting: SHB Arnold Griffith 0-0: Sac Bunt - play at first, batter OUT! U3
Iván Vargas to second
Batting: LHB John Brewer 0-0: Intentional Walk
Pinch Hitting: SHB Cedric Fields 0-0: Ball
1-0: SINGLE (Groundball, 4M)
Iván Vargas to third
John Brewer to second
Runner from 3rd tries for Home, SAFE, throw made home
John Brewer to third
Cedric Fields to second
Batting: RHB Jonathan Cook 0-0: Called Strike
0-1: Ball
1-1: Foul Ball, location: 2F
1-2: Ball
2-2: SINGLE (Groundball, 23) (infield hit)
John Brewer scores
Cedric Fields to third
Batting: RHB Robert O'Connor 0-0: Ball
1-0: Called Strike
1-1: Swinging Strike
1-2: Foul Ball, location: 2F
1-2: Ball
2-2: Strikes out swinging
Pitching: LHP Orlando Martínez
Batting: LHB Juan Durán 0-0: Called Strike
0-1: Swinging Strike
0-2: Ball
1-2: Strikes out swinging
Top of the 8th over - 2 run(s), 3 hit(s), 0 error(s), 2 left on base; Thunder Bay 4 - Hartford 0
BOTTOM OF THE 8TH
Hartford Whalers batting - Pitching for Thunder Bay Northern Lions BC : RHP Júlio Palma
Now at 2B: Cedric Fields
Batting: LHB César Durán 0-0: Called Strike
0-1: Fly out, F8 (Flyball, 8RXD)
Batting: RHB Akahele Kimokeo 0-0: Ball
1-0: Ball
2-0: Ground out 4-3 (Groundball, 4)
Batting: LHB Gerald Holloway 0-0: Called Strike
0-1: Ball
1-1: Swinging Strike
1-2: DOUBLE (Line Drive, 5D)
Batting: RHB Brent Burgess 0-0: SINGLE (Groundball, 23) (infield hit)
Gerald Holloway to third
Batting: SHB Julian Anthony 0-0: Ball
1-0: Fly out, F3 (Popup, 34S)
Bottom of the 8th over - 0 run(s), 2 hit(s), 0 error(s), 2 left on base; Thunder Bay 4 - Hartford 0
TOP OF THE 9TH
Thunder Bay Northern Lions BC batting - Pitching for Hartford Whalers : LHP Orlando Martínez
Batting: LHB Curtis Peters 0-0: Fly out, F7 (Flyball, 7M)
Batting: RHB Brent Barlow 0-0: Foul Ball, location: 2F
0-1: Foul Ball, location: 2F
0-2: Strikes out swinging
Batting: RHB Iván Vargas 0-0: Called Strike
0-1: Ball
1-1: Foul Ball, location: 2F
1-2: Foul Ball, location: 2F
1-2: Ball
2-2: Foul Ball, location: 2F
2-2: SINGLE (Line Drive, 78S)
Batting: SHB Arnold Griffith 0-0: Ball
1-0: Called Strike
1-1: Ball
2-1: Fly out, F7 (Flyball, 78M)
Top of the 9th over - 0 run(s), 1 hit(s), 0 error(s), 1 left on base; Thunder Bay 4 - Hartford 0
BOTTOM OF THE 9TH
Hartford Whalers batting - Pitching for Thunder Bay Northern Lions BC : RHP Júlio Palma
Batting: RHB Mal Green 0-0: Ball
1-0: Ball
2-0: Ball
3-0: Called Strike
3-1: SINGLE (Line Drive, 89S)
Pitching: RHP Jorge Ayala
Batting: RHB Dave O'Day 0-0: Grounds into double play, 6-4-3 (Groundball, 6D)
Batting: RHB Javier Díaz 0-0: Ball
1-0: Ball
2-0: Ball
3-0: Called Strike
3-1: Called Strike
3-2: DOUBLE (Line Drive, 3D)
Batting: RHB Román Centena 0-0: Called Strike
0-1: Called Strike
0-2: SINGLE (Line Drive, 56D)
Javier Díaz to third
Runner from 3rd tries for Home, SAFE, no throw or cutoff
Pitching: LHP Jake O'Tomalty
Batting: LHB César Durán 0-0: Ball
1-0: Swinging Strike
1-1: Ball
2-1: Foul Ball, location: 2F
2-2: Strikes out swinging
Bottom of the 9th over - 1 run(s), 3 hit(s), 0 error(s), 1 left on base; Thunder Bay 4 - Hartford 1
This league is powered by Out of the Park Baseball, the baseball management simulation game for PC, Mac and Linux
Friday, January 22nd, 2016 - OOTP Baseball 16.9 Build 39